 Dungeon Crawl Stone Soup version 0.31-a0-1469-gd420192249 (webtiles) character file.

Game seed: 11103121577865096456

2468 hito the Skirmisher (level 9, -18/68 HPs)
             Began as a Formicid Hunter on Dec 28, 2023.
             Was a Follower of Uskayaw.
             Demolished by a two-headed ogre
             ... wielding a +0 giant club
              (25 damage)
             ... on level 8 of the Dungeon.
             The game lasted 00:12:31 (6058 turns).

hito the Skirmisher (Formicid Hunter)               Turns: 6058, Time: 00:12:32

Health: -18/68     AC:  7    Str: 22    XL:     9   Next: 80%
Magic:  15/15      EV: 13    Int:  9    God:    Uskayaw [*.....]
Gold:   413        SH:  0    Dex: 21    Spells: 8/8 levels left

rFire   . . .        j - +0 arbalest
rCold   . . .        (no shield)
rNeg    . . .        c - +0 leather armour
rPois   .            (helmet unavailable)
rElec   .            (no cloak)
rCorr   .            (no gloves)
SInv    +            (no boots)
Will    +....        u - amulet of magic regeneration
Stlth   ++           x - +6 ring of strength
HPRegen 0.31/turn    B - +4 ring of protection
MPRegen 0.54/turn

%: no passive effects
@: enlightened, flying
A: permanent stasis, dig shafts and tunnels, antennae 3, four strong arms
a: Dig, Shaft Self, Renounce Religion, Stomp


You were on level 8 of the Dungeon.
You worshipped Uskayaw.
Uskayaw was aware of your devotion.
You visited 2 branches of the dungeon, and saw 9 of its levels.

You collected 413 gold pieces.

Inventory:

Hand Weapons
 b - a +2 dagger of speed
 j - a +0 arbalest (weapon)
 m - the +7 sling of the Gazing Gods {freeze, rElec Will- Str+6 Int+3}
   (You took it off a hobgoblin on level 3 of the Dungeon)

   Str+6:     It affects your strength (+6).
   Int+3:     It affects your intelligence (+3).
   rElec:     It insulates you from electricity.
   Will-:     It decreases your willpower.
Missiles
 g - 4 curare-tipped darts
Armour
 c - a +0 leather armour (worn)
Jewellery
 u - an amulet of magic regeneration (around neck)
 x - a +6 ring of strength (left hand)
 B - a +4 ring of protection (right hand)
 E - a ring of poison resistance
Wands
 r - a wand of flame (44)
 D - a wand of iceblast (3)
Scrolls
 a - a scroll of silence {unknown}
 d - a scroll of revelation
 e - 2 scrolls of fog {unknown}
 f - 3 scrolls of poison {unknown}
 h - 2 scrolls of teleportation {unknown}
 l - a scroll of blinking {unknown}
 o - 2 scrolls of enchant weapon {unknown}
 q - 2 scrolls of fear {unknown}
 t - a scroll of noise {unknown}
 v - 2 scrolls of butterflies
 y - a scroll of immolation {unknown}
Potions
 i - a potion of cancellation
 k - a potion of attraction
 n - a potion of lignification
 p - 3 potions of might
 s - 2 potions of curing
 w - a potion of enlightenment
 z - 2 potions of heal wounds
 A - 2 potions of degeneration {unknown}
 C - a potion of brilliance


   Skills:
 - Level 5.0 Fighting
 + Level 9.8 Ranged Weapons
 - Level 3.0 Armour
 - Level 3.0 Dodging
 - Level 1.2 Stealth
 - Level 8.0 Invocations


You had 8 spell levels left.
You didn't know any spells.
Your spell library contained the following spells:

 Spells                   Type           Power      Damage    Failure   Level
 Foxfire                  Conj/Fire      0%         2x1d4     43%         1
 Kiss of Death            Conj/Necr      0%         2d5       43%         1
 Confusing Touch          Hex            0%         N/A       80%         3
 Hailstorm                Conj/Ice       0%         3d5       80%         3
 Summon Ice Beast         Ice/Summ       0%         N/A       80%         3
 Dispel Undead            Necr           0%         3d6       99%         4
 Plasma Beam              Fire/Air       0%         2x1d10    100%        6
 Sculpt Simulacrum        Ice/Alch       0%         N/A       100%        6
 Starburst                Conj/Fire      0%         6d3       100%        6


Dungeon Overview and Level Annotations

Branches:
Dungeon (8/15)             Temple (1/1) D:5
   Lair: D:8-11

Altars:
Ashenzari
Cheibriados
Dithmenos
Elyvilon
Fedhas
Gozag
Hepliaklqana
Kikubaaqudgha
Makhleb
Okawaru
Qazlal
Ru
Sif Muna
Trog
Uskayaw
Vehumet
Wu Jian
Xom
Yredelemnul
Zin
The Shining One


Innate Abilities, Weirdness & Mutations

You cannot be hasted, slowed, berserked, paralysed or teleported.
You can dig through walls and to a lower floor.
You have a pair of large antennae on your head. (SInv)
Your four strong arms can wield two-handed weapons with a shield.


Message History

Unknown command.
Fire: j) +0 arbalest
Press: ? - help, Q - select action, (/) - cycle Shift-Dir - straight line, f/p - two-headed ogre
Aim: a two-headed ogre, wielding two +0 giant clubs (moderately wounded, 77% to hit)
You shoot a bolt.
The bolt barely misses the two-headed ogre.
The two-headed ogre closely misses you.
The two-headed ogre hits you with a +0 giant club!
Unknown command.
Fire: j) +0 arbalest
Press: ? - help, Q - select action, (/) - cycle Shift-Dir - straight line, f/p - two-headed ogre
Aim: a two-headed ogre, wielding two +0 giant clubs (moderately wounded, 77% to hit)
You shoot a bolt.
The bolt barely misses the two-headed ogre.
The two-headed ogre hits you with a +0 giant club!
The two-headed ogre closely misses you.
Unknown command.
Fire: j) +0 arbalest
Press: ? - help, Q - select action, (/) - cycle Shift-Dir - straight line, f/p - two-headed ogre
Aim: a two-headed ogre, wielding two +0 giant clubs (moderately wounded, 77% to hit)
You shoot a bolt.
The bolt barely misses the two-headed ogre.
The two-headed ogre hits you with a +0 giant club! x2
Unknown command.
Fire: j) +0 arbalest
Press: ? - help, Q - select action, (/) - cycle Shift-Dir - straight line, f/p - two-headed ogre
Aim: a two-headed ogre, wielding two +0 giant clubs (moderately wounded, 77% to hit)
You shoot a bolt. The bolt hits the two-headed ogre.
The two-headed ogre is moderately wounded.
The two-headed ogre closely misses you.
The two-headed ogre hits you with a +0 giant club!
* * * LOW HITPOINT WARNING * * *
Unknown command.
Okay, then.
You feel very buoyant.
You fly up into the air.
The two-headed ogre hits you with a +0 giant club!
* * * LOW HITPOINT WARNING * * *
The two-headed ogre hits you with a +0 giant club!!
You die...

.# ##.##.#.#
.#####..##.#.#
.#<.....##.#.#
.#####..##.#.#######
...)....##..)).....#
##....#.#####......#
...................+
##....#######......#
#....# #...@..#
##...# #...O..#
#...# #........!
+.### #...........
### ######..?..#
....## #....# ...##


You could see a two-headed ogre.

Vanquished Creatures
  3 ice beasts
  A sky beast (D:8)
  2 centaurs
  A kobold brigand (D:7)
  A phantom (D:6)
  A bullfrog (D:7)
  2 scorpions
  4 wights (D:7)
  4 killer bees (D:7)
  2 howler monkeys (D:7)
  5 hounds
  3 bombardier beetles
  A gnoll bouda (D:7)
  4 orc priests
  2 jellies
  5 iguanas
  A sleepcap (D:4)
  Natasha (thrice) (D:3)
  9 orc wizards
  7 adders
  4 gnolls (D:7)
  A shadow imp (D:5)
  4 ufetubi (D:6)
  3 worms (D:2)
  A dart slug (D:2)
  27 orcs
  4 bats
  4 endoplasms
  6 giant cockroaches
  9 goblins
  11 hobgoblins
  11 jackals
  2 quokkas (D:1)
  6 ball pythons
  6 frilled lizards
  6 kobolds
  5 rats
171 creatures vanquished.

Notes
Turn   | Place    | Note
-------+----------+-------------------------------------------
     0 | D:1      | hito the Formicid Hunter began the quest for the Orb.
     0 | D:1      | Reached XP level 1. HP: 16/16 MP: 1/1
   106 | D:1      | Reached XP level 2. HP: 22/22 MP: 2/2
   236 | D:1      | Reached XP level 3. HP: 27/27 MP: 3/3
   492 | D:1      | Reached skill level 5 in Ranged Weapons
   647 | D:2      | Found a hide-covered altar of Uskayaw.
   668 | D:2      | Reached XP level 4. HP: 29/33 MP: 4/4
   699 | D:2      | Became a worshipper of Uskayaw the Reveller
   711 | D:2      | Reached * piety under Uskayaw
   781 | D:2      | Reached ** piety under Uskayaw
   788 | D:2      | Reached skill level 1 in Invocations
   801 | D:2      | Reached *** piety under Uskayaw
  1540 | D:3      | Reached XP level 5. HP: 38/38 MP: 6/6
  1652 | D:3      | Noticed Natasha
  1655 | D:3      | Killed Natasha
  1822 | D:3      | Identified the +7 sling of the Gazing Gods {freeze, rElec
                  | Will- Str+6 Int+3}
  1826 | D:3      | Found a burning altar of Makhleb.
  1992 | D:3      | Found a snail-covered altar of Cheibriados.
  2112 | D:3      | Found a broken altar of Ashenzari.
  2190 | D:3      | Noticed Natasha
  2193 | D:3      | Killed Natasha
  2194 | D:3      | Reached skill level 6 in Ranged Weapons
  2294 | D:3      | Noticed Natasha
  2297 | D:3      | Killed Natasha
  2298 | D:3      | Reached XP level 6. HP: 36/44 MP: 8/8
  2537 | D:4      | Found a hide-covered altar of Uskayaw.
  3137 | D:4      | Reached XP level 7. HP: 50/50 MP: 10/10
  3355 | D:5      | Entered Level 5 of the Dungeon
  3373 | D:5      | Reached skill level 7 in Ranged Weapons
  3373 | D:5      | Reached skill level 5 in Invocations
  3630 | D:5      | Reached skill level 1 in Armour
  3931 | D:5      | Found a shimmering altar of Xom.
  3962 | D:5      | Reached XP level 8. HP: 50/57 MP: 11/11
  4048 | D:5      | Found a staircase to the Ecumenical Temple.
  4055 | Temple   | Entered the Ecumenical Temple
  4203 | D:5      | Found a glowing silver altar of Zin.
  4379 | D:6      | Found a shimmering blue altar of Sif Muna.
  4453 | D:6      | Reached **** piety under Uskayaw
  4487 | D:6      | Found a radiant altar of Vehumet.
  4585 | D:6      | Found a basalt altar of Yredelemnul.
  4600 | D:6      | Reached skill level 8 in Ranged Weapons
  4846 | D:6      | Found a sacrificial altar of Ru.
  4858 | D:6      | Reached skill level 5 in Fighting
  4967 | D:7      | Reached XP level 9. HP: 68/68 MP: 11/13
  4969 | D:7      | Reached ***** piety under Uskayaw
  4981 | D:7      | Found an iron altar of Okawaru.
  5169 | D:7      | Found a bloodstained altar of Trog.
  5184 | D:7      | Reached skill level 9 in Ranged Weapons
  5400 | D:7      | Found an ornate altar of the Wu Jian Council.
  6049 | D:8      | Noticed a two-headed ogre
  6058 | D:8      | Demolished by a two-headed ogre

Illustrated notes

Levels and vault maps discovered:
D:1:      matt_arrival_spirals, layout_rooms, fountainhead
D:2:      layout_basic, basic_altar
D:3:      layout_rooms, marbit_many_paths, general_overflow_altar,
          lemuel_coloured_pillars_altar, uniq_natasha
D:4:      layout_loops_corners, mainiacjoe_overflow_brackets, abandoned_shop
D:5:      layout_loops_ring, zin_scriptorium, xom_teletrap_fun, temple_doors_e
D:6:      layout_cave_pools, lemuel_tele_altar, mainiacjoe_overflow_24_doors,
          nicolae_ru_awakened_eye, mainiacjoe_overflow_six_doors_small
D:7:      layout_loops_ring, okawaru_gym_becter, mainiacjoe_overflow_alcove_1,
          mainiacjoe_overflow_catwalk, minivault_26, nicolae_letterblocks
          [nicolae_letter_subblock, nicolae_letter_subblock,
          nicolae_letter_subblock, nicolae_letter_subblock,
          nicolae_letter_subblock, nicolae_letter_subblock,
          nicolae_letter_subblock, nicolae_letter_subblock,
          nicolae_letter_subblock, nicolae_letter_subblock,
          nicolae_letter_subblock, nicolae_letter_subblock,
          nicolae_letter_subblock, nicolae_letter_subblock,
          nicolae_letter_subblock, nicolae_letter_subblock,
          nicolae_letter_subblock, nicolae_letter_subblock,
          nicolae_letter_subblock, nicolae_letter_subblock,
          nicolae_letter_subblock, nicolae_letter_subblock,
          nicolae_letter_subblock, nicolae_letter_subblock,
          nicolae_letter_subblock]
D:8:      layout_basic, lair_entry_dummy, eino_tiny_chamber,
          nicolae_figureground_sparkle
Temple:   hellmonk_temple_of_storms

Skill      XL: |  1  2  3  4  5  6  7  8  9 |
---------------+----------------------------+-----
Ranged Weapons | 5 6 7 8 9 |  9.8
Invocations    | 1 3 4 5 8 |  8.0
Dodging        | 2 3 |  3.0
Armour         | 1 3 |  3.0
Fighting       | 5 |  5.0
Stealth        | |  1.2

Action                     |  1- 3 |  4- 6 |  7- 9 || total
---------------------------+-------+-------+-------++-------
  Melee: Dagger            |       |       |     4 ||     4
   Fire: Shortbow          |    79 |    65 |       ||   144
         Arbalest          |       |    43 |    44 ||    87
         Sling             |       |    50 |   200 ||   250
 Invoke: Stomp             |       |     1 |     4 ||     5
Ability: Dig               |     1 |       |       ||     1
    Use: Scroll            |       |       |     9 ||     9
         Potion            |       |       |     1 ||     1
 Armour: Leather armour    |    15 |    36 |    56 ||   107
  Dodge: Dodged            |    15 |    38 |    40 ||    93

Table legend: (Time is in decaauts)
 A = Elapsed time spent in this place.
 B = Non-inter-level travel time spent in this place.
 C = Inter-level travel time spent in this place.
 D = Time resting spent in this place.
 E = Time spent auto-exploring this place.
 F = Levels seen in this place.
 G = Mean time per level.
                   A        B        C        D        E       F      G
               +--------+--------+--------+--------+--------+-----+--------+
         Total |   6133 |   5957 |    176 |    934 |   4008 |   9 |  681.4 |
       Dungeon |   6132 |   5956 |    176 |    934 |   4008 |   8 |  766.5 |
        Temple |      1 |      1 |      0 |      0 |      0 |   1 |    1.0 |
               +--------+--------+--------+--------+--------+-----+--------+

Top non-repeatable levels by time:
     D:2: 1009 daAuts
     D:5: 998 daAuts
     D:4: 976 daAuts
     D:7: 913 daAuts
     D:3: 880 daAuts
     D:6: 588 daAuts
     D:1: 547 daAuts
     D:8: 217 daAuts
  Temple: 1 daAuts
